 Dungeon Crawl Stone Soup version 0.21-a0-426-g98080a9 (webtiles) character file.

1799 nikopol the Thaumaturge (level 8, -3/42 HPs)
             Began as a Deep Elf Fire Elementalist on Nov 5, 2017.
             Slain by a hippogriff (4 damage)
             ... on level 7 of the Dungeon.
             The game lasted 00:18:23 (5814 turns).

nikopol the Thaumaturge (DEFE)                      Turns: 5814, Time: 00:18:24

Health: -3/42      AC:  4    Str:  5    XL:     8   Next: 83%
Magic:  3/23       EV: 14    Int: 23    God:
Gold:   364        SH:  0    Dex: 15    Spells: 14/25 levels left

rFire    . . .     SeeInvis .   g - +2 short sword (holy)
rCold    + . .     Gourm    .   (no shield)
rNeg     + . .     Faith    .   F - +1 robe {MR+}
rPois    .         Spirit   .   i - +0 helmet
rElec    .         Reflect  .   (no cloak)
rCorr    .         Harm     .   (no gloves)
MR       +....                  (no boots)
Stlth    +++.......             (no amulet)
HPRegen  0.14/turn              K - ring of protection from cold
MPRegen  0.18/turn              p - ring of positive energy

@: no status effects
A: no striking features
a: no special abilities


You were on level 7 of the Dungeon.
You were hungry.

You visited 2 branches of the dungeon, and saw 9 of its levels.

You collected 364 gold pieces.

Inventory:

Hand Weapons
 g - a +2 short sword of holy wrath (weapon)
 B - a +1 dagger of draining
 E - a +2 dagger of venom
Armour
 i - a +0 helmet (worn)
 F - a +1 robe of magic resistance (worn)
Jewellery
 h - a +2 ring of strength
 p - a ring of positive energy (right hand)
 y - a +6 ring of dexterity
 K - a ring of protection from cold (left hand)
Wands
 G - a wand of confusion (11/48)
 Q - a wand of random effects (21/48)
Scrolls
 a - 2 scrolls of teleportation {unknown}
 d - 2 scrolls of fog {unknown}
 k - 9 scrolls of remove curse {unknown}
 o - 2 scrolls of blinking {unknown}
 q - 3 scrolls of immolation {unknown}
 t - 4 scrolls of identify {unknown}
 u - a scroll of enchant weapon {unknown}
 J - 2 scrolls of amnesia {unknown}
 L - 3 scrolls of random uselessness {unknown}
 M - 2 scrolls of magic mapping {unknown}
 P - a scroll of enchant armour {unknown}
Potions
 e - a potion of haste {unknown}
 f - a potion of flight {unknown}
 j - 2 potions of curing {unknown}
 n - a potion of berserk rage {unknown}
 r - a potion of degeneration {unknown}
 s - 2 potions of ambrosia {unknown}
 v - a potion of lignification {unknown}
 w - 4 potions of heal wounds {unknown}
 A - a potion of mutation {unknown}
 C - a potion of resistance {unknown}
 H - a potion of agility {unknown}
 I - a potion of brilliance {unknown}
Books
 b - a book of Flames

   Spells                             Type                      Level
   a - Flame Tongue                   Conjuration/Fire             1
   b - Throw Flame                    Conjuration/Fire             2
   c - Conjure Flame                  Conjuration/Fire             3
   d - Inner Flame                    Hexes/Fire                   3
   e - Sticky Flame                   Conjuration/Fire             4
   f - Fireball                       Conjuration/Fire             5
 x - a book of Cantrips

   Spells                             Type                      Level
   a - Confusing Touch                Hexes                        1
   b - Animate Skeleton               Necromancy                   1
   c - Summon Small Mammal            Summoning                    1
   d - Apportation                    Translocation                1
 D - a book of Changes

   Spells                             Type                      Level
   a - Beastly Appendage              Transmutation                1
   b - Sticks to Snakes               Transmutation                2
   c - Spider Form                    Transmutation/Poison         3
   d - Ice Form                       Ice/Transmutation            4
   e - Blade Hands                    Transmutation                5
 O - a book of Conjurations

   Spells                             Type                      Level
   a - Magic Dart                     Conjuration                  1
   b - Searing Ray                    Conjuration                  2
   c - Dazzling Spray                 Conjuration/Hexes            3
   d - Fulminant Prism                Conjuration/Hexes            4
   e - Force Lance                    Conjuration/Translocation    4
   f - Iskenderun's Mystic Blast      Conjuration                  4
Comestibles
 c - 3 bread rations
 l - 4 royal jellies
 m - 9 meat rations
 z - 3 fruits


   Skills:
 + Level 0.7 Fighting
 + Level 0.6 Short Blades
 + Level 3.5 Dodging
 + Level 4.1 Stealth
 + Level 9.4 Spellcasting
 + Level 6.4 Conjurations
 + Level 7.2 Fire Magic


You had 14 spell levels left.
You knew the following spells:

 Your Spells              Type           Power        Failure   Level  Hunger
a - Flame Tongue          Conj/Fire      #####        1%          1    None
b - Throw Flame           Conj/Fire      #####.       1%          2    None
c - Conjure Flame         Conj/Fire      #####...     1%          3    None
d - Fireball              Conj/Fire      #####.....   10%         5    ####...


Dungeon Overview and Level Annotations

Branches:
Dungeon (8/15)             Temple (1/1) D:4
   Lair: D:8-11

Altars:
Ashenzari
Cheibriados
Dithmenos
Elyvilon
Fedhas
Gozag
Hepliaklqana
Kikubaaqudgha
Makhleb
Nemelex Xobeh
Okawaru
Qazlal
Ru
Trog
Uskayaw
Xom
Yredelemnul
Zin
The Shining One


Message History

Confirm with . or Enter, or press ? or * to list all spells.
Aiming: Flame Tongue
Press: ? - help, Shift-Dir - straight line, f/p - hippogriff
Aim: a hippogriff (heavily wounded)
The flame tongue hits the hippogriff.
The hippogriff appears unharmed.
The hippogriff is heavily wounded.
The hippogriff bites you.
* * * LOW HITPOINT WARNING * * *
The hippogriff pecks you.
* * * LOW HITPOINT WARNING * * *
The hippogriff barely misses you.
Casting: Flame Tongue
Confirm with . or Enter, or press ? or * to list all spells.
Aiming: Throw Flame
Press: ? - help, Shift-Dir - straight line, f/p - hippogriff
Aim: a hippogriff (heavily wounded)
The puff of flame hits the hippogriff.
The hippogriff is heavily wounded.
The hippogriff bites you.
You die...

#.#####.## # #.#
#.# ###.# #...#
#.### #.# #H# .#
#@##.# #.##.# ###
#.##.# #.. #
#.##.# #.# .
#.##.# #.# .#
#.##.# #.###.#
#....#######......
####.............#
#.#######..####


You could see a hippogriff.

Vanquished Creatures
  A hippogriff (D:8)
  A hungry ghost (D:8)
  Duvessa (D:4)
  2 ice beasts
  2 ogres
  3 bullfrogs
  4 scorpions
  Dowan (D:4)
  A crimson imp (D:5)
  2 orc priests
  2 hounds (D:4)
  A bullfrog skeleton (D:2)
  An orc wizard (D:4)
  A centaur skeleton (D:7)
  2 iguanas (D:7)
  2 worker ants
  3 gnolls (D:4)
  A howler monkey zombie (D:5)
  8 adders
  3 oozes
  3 worms
  A dart slug (D:3)
  5 leopard geckos
  17 orcs
  3 ball pythons
  5 giant cockroaches
  6 goblins
  6 hobgoblins
  11 jackals
  8 kobolds
  2 quokkas (D:2)
  13 bats
  4 frilled lizards
  7 rats
133 creatures vanquished.

Notes
Turn   | Place    | Note
-------+----------+-------------------------------------------
     0 | D:1      | nikopol the Deep Elf Fire Elementalist began the quest for the Orb.
     0 | D:1      | Reached XP level 1. HP: 10/10 MP: 6/6
   117 | D:1      | Reached XP level 2. HP: 15/15 MP: 0/8
   574 | D:1      | Reached XP level 3. HP: 19/19 MP: 6/10
   578 | D:1      | Learned a level 2 spell: Throw Flame
   582 | D:1      | Reached skill level 4 in Spellcasting
   706 | D:1      | Learned a level 3 spell: Conjure Flame
  1069 | D:2      | Reached XP level 4. HP: 24/24 MP: 9/12
  1993 | D:2      | Reached XP level 5. HP: 11/28 MP: 0/14
  2224 | D:3      | Reached skill level 5 in Spellcasting
  2555 | D:3      | Found a hide-covered altar of Uskayaw.
  3110 | D:4      | Reached XP level 6. HP: 22/32 MP: 2/16
  3125 | D:4      | Learned a level 5 spell: Fireball
  3245 | D:4      | Noticed Duvessa
  3245 | D:4      | Noticed Dowan
  3249 | D:4      | Killed Dowan
  3254 | D:4      | Killed Duvessa
  3254 | D:4      | Reached skill level 6 in Spellcasting
  3254 | D:4      | Reached skill level 5 in Fire Magic
  3596 | D:4      | Reached XP level 7. HP: 31/36 MP: 3/19
  4121 | D:4      | Reached skill level 7 in Spellcasting
  4496 | D:4      | Found a staircase to the Ecumenical Temple.
  4502 | Temple   | Entered the Ecumenical Temple
  4648 | D:5      | Entered Level 5 of the Dungeon
  5109 | D:6      | Reached skill level 5 in Conjurations
  5202 | D:6      | Reached XP level 8. HP: 42/42 MP: 15/21
  5219 | D:6      | Reached skill level 8 in Spellcasting
  5290 | D:6      | You fall through a shaft for 2 floors!
  5465 | D:8      | Noticed a hippogriff
  5475 | D:8      | Killed a hippogriff
  5475 | D:8      | Reached skill level 9 in Spellcasting
  5794 | D:7      | Noticed a hippogriff
  5813 | D:7      | HP: 1/42 [hippogriff (5)]
  5814 | D:7      | Slain by a hippogriff

Vault maps used:
D:1:      wheals_arrival_shading
D:2:      hangedman_decor_clover_reticule
D:3:      eat_drink_and_be_merry_uskayaw, kennysheep_generic_room_7
D:4:      minmay_temple_entry_fiery, grunt_ministairs_10, uniq_duvessa
D:5:      first_bread
D:6:      led_sif_book
D:7:      st_stairs_5
Temple:   nicolae_temple_no_exploring_needed

Skill      XL: |  1  2  3  4  5  6  7  8 |
---------------+-------------------------+-----
Spellcasting   | 4 5 6 7 9 |  9.4
Fire Magic     | 4 5 6 7 |  7.2
Stealth        | 3 4 |  4.1
Conjurations   | 2 3 5 6 |  6.4
Dodging        | 3 |  3.5
Fighting       | |  0.7
Short Blades   | |  0.6

Action                   |  1- 3 |  4- 6 |  7- 9 || total
-------------------------+-------+-------+-------++-------
Melee: Dagger            |       |     8 |       ||     8
       Short sword       |       |       |     6 ||     6
 Cast: Flame Tongue      |    58 |   133 |   120 ||   311
       Conjure Flame     |       |     4 |     4 ||     8
       Throw Flame       |       |     3 |    16 ||    19
  Eat: Chunk             |       |     8 |     6 ||    14
Armor: Robe              |     4 |     8 |     5 ||    17
Dodge: Dodged            |    23 |    45 |    23 ||    91

Table legend:
 A = Spawn XP
 B = Non-spawn XP
 C = Spawn XP percentage of total XP
 D = Spawn monster count
 E = Non-spawn monster count
 F = Spawn count percentage of total count
 G = Total turns spent on level
                    A         B        C        D         E        F      G
               +---------+---------+-------+---------+---------+-------+---------
         Total |       0 |    2571 |   0.0 |       0 |     133 |   0.0 |  5814
               +---------+---------+-------+---------+---------+-------+---------
           D:1 |       0 |      43 |   0.0 |       0 |      25 |   0.0 |   722
           D:2 |       0 |      95 |   0.0 |       0 |      22 |   0.0 |  1360
           D:3 |       0 |     119 |   0.0 |       0 |      34 |   0.0 |   855
           D:4 |       0 |     877 |   0.0 |       0 |      24 |   0.0 |  1707
           D:5 |       0 |     233 |   0.0 |       0 |       7 |   0.0 |   447
           D:6 |       0 |     224 |   0.0 |       0 |       7 |   0.0 |   195
           D:7 |       0 |     113 |   0.0 |       0 |       4 |   0.0 |   217
           D:8 |       0 |     867 |   0.0 |       0 |      10 |   0.0 |   307
               +---------+---------+-------+---------+---------+-------+---------
